[Event "*** Titled Tuesday Blitz"]
[Site "Chess.com"]
[Date "2020.03.03"]
[Round "2"]
[White "VladimirBelous"]
[Black "goldenspine"]
[Result "1-0"]
[WhiteElo "2777"]
[BlackElo "2349"]
[TimeControl "180+1"]
[EndTime "13:18:39 PST"]
[Termination "VladimirBelous won by checkmate"]

1. c4 Nf6 2. Nf3 g6 3. Nc3 Bg7 4. e4 d6 5. d4 O-O 6. h3 e5 7. d5 Bd7 8. Bg5 h6 9. Be3 Na6 10. Nd2 Nc5 11. b4 Na6 12. Rb1 Nh5 13. g3 f5 14.
exf5 Bxf5 15. Rb3 Bd7 16. Nde4 Qe7 17. c5 dxc5 18. bxc5 Nf6 19. Rxb7 Nxe4 20. Nxe4 Bf5 21. Nd6 e4 22. Nxf5 Rxf5 23. Bxa6 Bc3+ 24. Kf1 Qf6 25. d6 Rf8 26. Qc2 Rxf2+ 27. Qxf2 Qe5 28. Bc4+ Kg7 29. Rxc7+ Kh8 30. Qxf8# 1-0

[Event "*** Titled Tuesday Blitz"]
[Site "Chess.com"]
[Date "2020.03.03"]
[Round "2"]
[White "riconaipe"]
[Black "ChelsieMonica"]
[Result "0-1"]
[WhiteElo "2549"]
[BlackElo "2160"]
[TimeControl "180+1"]
[EndTime "13:18:41 PST"]
[Termination "ChelsieMonica won by resignation"]

1. e4 e6 2. b3 d5 3. exd5 exd5 4.
Bb2 Nf6 5. Nf3 Be7 6. Be2 O-O 7. O-O c5 8. d4 Nc6 9. Nc3 Bg4 10. Na4 Bxf3 11. Bxf3 cxd4 12. Bxd4 Ne4 13. c4 Nxd4 14. Qxd4 Bf6 15. Qxd5 Qxd5 16. cxd5 Nd2 17. Rad1 Nxf1 18.
Kxf1 Rac8 19. d6 b5 20. d7 Rc7 21. Nb2 Rd8 22. Nd3 Rcxd7 23. Be4 Be7 24. g4 g6 25. f4 Rd4 26. Ne5 Rxd1+ 27. Ke2 R8d2+ 28. Kf3 Rf1+ 29. Kg3 Bc5 30. Nd3 Be3 31. f5 g5 32. a4 Bf4+ 33. Nxf4 gxf4+ 34. Kh4 f6 35. h3 f3 36. Kg3 Rg2+ 37.
Kf4 Rgg1 0-1

[Event "*** Titled Tuesday Blitz"]
[Site "Chess.com"]
[Date "2020.03.03"]
[Round "2"]
[White "Micki-taryan"]
[Black "vladimirdamjanovic"]
[Result "1-0"]
[WhiteElo "3002"]
[BlackElo "2646"]
[TimeControl "180+1"]
[EndTime "13:18:45 PST"]
[Termination "Micki-taryan won by resignation"]

1. d4 Nf6 2. Nf3 c5 3. d5 d6 4.
Nc3 g6 5. e4 a6 6. a4 Bg7 7. Be2 O-O 8. O-O e6 9. Nd2 exd5 10.
exd5 Nbd7 11. Nc4 Nb6 12. Na3 Bd7 13. a5 Nc8 14. Bf4 Qc7 15. Nc4 Bb5 16. h3 Bxc4 17. Bxc4 Re8 18. Re1 Rxe1+ 19. Qxe1 b5 20. axb6 Nxb6 21. Qf1 a5 22. Nb5 Qd7 23. Nc3 Nxc4 24. Qxc4 h6 25. Nb5 Rb8 26. Rxa5 Nh5 27. Bxd6 Rxb5 28.
Rxb5 Qxd6 29. Qxc5 Qa6 30. g3 Qa1+ 31. Kg2 Qd1 32. c4 Bd4 33. Qc8+ Kh7 34. Rb8 1-0

[Event "*** Titled Tuesday Blitz"]
[Site "Chess.com"]
[Date "2020.03.03"]
[Round "2"]
[White "floplover"]
[Black "Tayson_7"]
[Result "0-1"]
[WhiteElo "2358"]
[BlackElo "2704"]
[TimeControl "180+1"]
[EndTime "13:18:50 PST"]
[Termination "Tayson_7 won by resignation"]

1. d4 Nf6 2. c4 c5 3. Nf3 cxd4 4. Nxd4 Nc6 5. g3 e6 6. Bg2 Bc5 7. e3 O-O 8. O-O a6 9. b3 Qc7 10. Bb2 Be7 11. Nc3 d6 12. Rc1 Nxd4 13. Qxd4 Bd7 14.
Rfd1 Rfd8 15. a4 Rac8 16. Ba3 Ne8 17. Ne4 Bc6 18. Bb2 Qb8 19. h4 d5 20. cxd5 Rxd5 21.
Qb6 Nc7 22. Nc3 Rxd1+ 23. Rxd1 Bxg2 24. Kxg2 Bf6 25. Rd7 Bxc3 26. Bxc3 Nd5 27. Rxd5 exd5 28. Qd4 f6 29. Qxd5+ Kh8 30. Bd4 Qc7 31. h5 Qc6 32. Qxc6 Rxc6 33. b4 Rc4 34. Bc5 a5 35. h6 axb4 36.
hxg7+ Kxg7 37. Bd4 Rxd4 0-1

[Event "*** Titled Tuesday Blitz"]
[Site "Chess.com"]
[Date "2020.03.03"]
[Round "2"]
[White "rasmussvane"]
[Black "silverback96"]
[Result "1-0"]
[WhiteElo "2891"]
[BlackElo "2039"]
[TimeControl "180+1"]
[EndTime "13:18:50 PST"]
[Termination "rasmussvane won by resignation"]

1. Nf3 c5 2. c4 Nc6 3. Nc3 e5 4. e3 Nf6 5. d4 e4 6. d5 exf3 7.
dxc6 bxc6 8. e4 Qc7 9. Qxf3 Bd6 10. g3 O-O 11. Bg2 Be5 12. Bf4 Rb8 13. Bxe5 Qxe5 14.
O-O-O Rb4 15. Qd3 a5 16. f4 Qe6 17. b3 Rd8 18. e5 Ne8 19. Rhe1 Ba6 20. f5 Qe7 21. e6 a4 22. exd7 Qg5+ 23. Qe3 Qxe3+ 24. Rxe3 Nf6 25. Bxc6 axb3 26. axb3 Rxb3 27. Kc2 Bxc4 28. Rde1 Kf8 29. Re8+ 1-0

[Event "*** Titled Tuesday Blitz"]
[Site "Chess.com"]
[Date "2020.03.03"]
[Round "2"]
[White "DonBroca"]
[Black "MFguimaraes"]
[Result "0-1"]
[WhiteElo "2046"]
[BlackElo "2404"]
[TimeControl "180+1"]
[EndTime "13:18:50 PST"]
[Termination "MFguimaraes won by resignation"]

1. e4 e5 2. Nf3 Nc6 3. d4 exd4 4. Nxd4 Bb4+ 5. c3 Bc5 6. Be3 Qf6 7. Bc4 Nge7 8. O-O O-O 9. Nxc6 Qxc6 10. Bxc5 Qxc5 11.
Qd4 Qxd4 12. cxd4 d6 13. Nc3 c6 14. Rfe1 Bd7 15. d5 c5 16. a4 Ng6 17. Nb5 Bxb5 18.
axb5 a5 19. bxa6 bxa6 20. Rxa6 Rxa6 21. Bxa6 Rb8 22. Re2 Kf8 23. g3 Ne5 24. f4 Nf3+ 25.
Kf2 Nd4 26. Rd2 Rb4 27. e5 Ke7 28. Bc8 g5 29. e6 gxf4 30. gxf4 fxe6 31. dxe6 Rb3 32.
Kg1 Nf3+ 0-1

[Event "*** Titled Tuesday Blitz"]
[Site "Chess.com"]
[Date "2020.03.03"]
[Round "2"]
[White "LittlePeasant"]
[Black "GameOverBro"]
[Result "1-0"]
[WhiteElo "2811"]
[BlackElo "2580"]
[TimeControl "180+1"]
[EndTime "13:18:51 PST"]
[Termination "LittlePeasant won by resignation"]

1. d4 d6 2. Nf3 Nf6 3. g3 Nbd7 4. Bg2 e5 5. O-O Be7 6. c4 O-O 7. Nc3 c6 8. e4 a6 9. Qc2 b5 10. c5 Bb7 11. Rd1 Qc7 12. cxd6 Bxd6 13. dxe5 Nxe5 14.
Nd4 Rfd8 15. Nf5 Bc5 16. Rxd8+ Rxd8 17. h3 Nd3 18. Be3 Bxe3 19. Nxe3 Nb4 20. Qe2 a5 21. a3 Na6 22. Rc1 Qb6 23. e5 Nd7 24. Nf5 Nf8 25. Ne4 Bc8 26. Ne7+ Kh8 27. Nd6 Be6 28.
Nxc6 Rd7 29. b4 axb4 30. axb4 f6 31. exf6 Rxd6 32. fxg7+ 1-0

[Event "*** Titled Tuesday Blitz"]
[Site "Chess.com"]
[Date "2020.03.03"]
[Round "2"]
[White "josiwales"]
[Black "ChessPlayer202202"]
[Result "1-0"]
[WhiteElo "2531"]
[BlackElo "2301"]
[TimeControl "180+1"]
[EndTime "13:18:58 PST"]
[Termination "josiwales won by resignation"]

1. e4 e5 2. Nf3 Nc6 3. Bc4 Bc5 4. O-O Nf6 5. d4 Bxd4 6. Nxd4 Nxd4 7. f4 d6 8. fxe5 dxe5 9. Bg5 Be6 10. Na3 Qd6 11.
c3 Nxe4 12. Be3 Nf5 13. Qa4+ Bd7 14. Nb5 Qc6 15. Rxf5 O-O 16. Rxe5 a6 17. Bd5 axb5 18. Qxe4 Qd6 19. Rd1 Rad8 20. Bxf7+ Rxf7 21. Rxd6 cxd6 22. Re7 Bc6 23. Qe6 Rf8 24. Bd4 Kh8 25. Rxf7 Re8 26. Qxe8+ 1-0

[Event "*** Titled Tuesday Blitz"]
[Site "Chess.com"]
[Date "2020.03.03"]
[Round "2"]
[White "RU_B9"]
[Black "diskeleven"]
[Result "0-1"]
[WhiteElo "1772"]
[BlackElo "2374"]
[TimeControl "180+1"]
[EndTime "13:19:02 PST"]
[Termination "diskeleven won on time"]

1. c4 b6 2. Nc3 Bb7 3. e4 e6 4. a3 c5 5. g3 f5 6. Bg2 Nf6 7. d3 Be7 8. Nge2 O-O 9. O-O fxe4 10. dxe4 Nc6 11. f4 d6 12. h3 a6 13. Kh2 Qc7 14. Be3 Rad8 15. Qe1 Na5 16. b3 Nxb3 17. Rb1 Na5 18. g4 Nxc4 19. Bf2 Nxa3 20. Rb3 Nc2 21. Qb1 Nb4 22. g5 Nd7 23. Bg3 e5 24. Nd5 Bxd5 25. exd5 exf4 26. Nxf4 Rxf4 27. Bxf4 Ne5 28. Be4 g6 29.
Bxe5 dxe5 30. Bxg6 e4+ 31. Kh1 hxg6 32. Qxe4 Qd6 0-1

[Event "*** Titled Tuesday Blitz"]
[Site "Chess.com"]
[Date "2020.03.03"]
[Round "2"]
[White "ZWISCHENZUGGED"]
[Black "johnathan113"]
[Result "0-1"]
[WhiteElo "2557"]
[BlackElo "2767"]
[TimeControl "180+1"]
[EndTime "13:19:06 PST"]
[Termination "johnathan113 won by resignation"]

1. d4 g6 2. e4 Nf6 3. e5 Nh5 4. Be2 d6 5. Bxh5 gxh5 6. exd6 Qxd6 7. Nc3 Rg8 8. Kf1 Bg4 9. f3 Bd7 10. Nge2 Na6 11. Bf4 Qg6 12. Rg1 O-O-O 13. a3 Bf5 14. Rc1 f6 15. Qe1 e5 16. dxe5 Bc5 17. Qg3 Qf7 18. Qh4 Bxg1 19. Kxg1 fxe5 20. Bxe5 Rde8 21. Qf4 Qe6 22. Nd4 Qxe5 23. Qxf5+ Qxf5 24. Nxf5 Nc5 25. Kf2 Rgf8 26. Nd4 Ne4+ 27. Nxe4 Rxe4 28. Rd1 h4 29.
h3 Re5 30. Ne2 Rd8 31. Rxd8+ Kxd8 32. Nd4 c5 33. Ne2 Kc7 34. Nf4 c4 35. b3 b5 36. a4 bxa4 37. bxa4 Kb6 0-1

[Event "*** Titled Tuesday Blitz"]
[Site "Chess.com"]
[Date "2020.03.03"]
[Round "2"]
[White "aquaticpineapples"]
[Black "ShahMatKanal"]
[Result "0-1"]
[WhiteElo "2254"]
[BlackElo "2495"]
[TimeControl "180+1"]
[EndTime "13:19:06 PST"]
[Termination "ShahMatKanal won by resignation"]

1. d4 e6 2. Nf3 Nf6 3. Nbd2 d5 4.
e3 a6 5. Bd3 b5 6. O-O Bb7 7. b3 Nbd7 8. Bb2 c5 9. c4 dxc4 10.
bxc4 b4 11. Nb3 a5 12. dxc5 a4 13. c6 Bxc6 14. Nbd4 Bb7 15. Nb5 Be7 16. Qc2 O-O 17. Rfd1 Qb8 18. Bxh7+ Nxh7 19. Rxd7 Bf6 20. Bxf6 Nxf6 21.
Rd4 b3 22. Qb2 Bc6 23. axb3 axb3 24. Rxa8 Qxa8 25. Qxb3 Bxf3 26. gxf3 Qxf3 27. Rf4 Qh5 28. Qb4 Rd8 29. Nd6 Qd1+ 30. Kg2 Rxd6 31. c5 Qd5+ 32. f3 Qg5+ 33. Kf2 Nd5 34. Qb8+ Rd8 35. h4 Rxb8 36. hxg5 Nxf4 0-1

[Event "*** Titled Tuesday Blitz"]
[Site "Chess.com"]
[Date "2020.03.03"]
[Round "2"]
[White "PowerThinking2650"]
[Black "earling8018"]
[Result "1-0"]
[WhiteElo "2399"]
[BlackElo "2020"]
[TimeControl "180+1"]
[EndTime "13:19:06 PST"]
[Termination "PowerThinking2650 won on time"]

1. e4 e5 2. Nf3 Nc6 3. Nc3 Nf6 4. d4 exd4 5. Nxd4 Bb4 6. Nxc6 bxc6 7. Bd3 d5 8. exd5 cxd5 9. O-O O-O 10. Bg5 c6 11.
Qf3 Bd6 12. Bxf6 Qxf6 13. Qxf6 gxf6 14. Ne2 Rb8 15. b3 Re8 16. Ng3 Bb4 17. Nf5 Bxf5 18. Bxf5 Bc3 19. Rad1 Re2 20. Rd3 d4 21. Rg3+ Kf8 22.
Bxh7 Ke7 23. Bd3 Re5 24. Rg7 Kf8 25. Rh7 Kg8 26. Rh4 a5 27. a4 Rbe8 28. g3 Kg7 29.
Kg2 f5 30. Rf4 Kf6 31. h4 Rg8 32. Kh3 c5 33. Rf3 Bd2 34. Rd1 Bc3 35. Kg2 Rg7 36.
h5 Rg8 37. h6 Rh8 38. Rh1 Rh7 39. g4 1-0

[Event "*** Titled Tuesday Blitz"]
[Site "Chess.com"]
[Date "2020.03.03"]
[Round "2"]
[White "IngOscarArdila"]
[Black "Terao90"]
[Result "1-0"]
[WhiteElo "2093"]
[BlackElo "2379"]
[TimeControl "180+1"]
[EndTime "13:19:06 PST"]
[Termination "IngOscarArdila won by checkmate"]

1. d4 Nf6 2. Nf3 e6 3. Bg5 d5 4. c4 h6 5. Bh4 Be7 6. Nc3 Ne4 7. Bxe7 Qxe7 8. Nxe4 dxe4 9. Nd2 f5 10. e3 O-O 11. g3 c5 12. Nb3 Nd7 13. Bg2 b6 14.
O-O Bb7 15. Qd2 Rac8 16. Rac1 Rfd8 17. Rfd1 cxd4 18. exd4 Nf6 19. Qf4 g5 20. Qe5 Ng4 21.
Qb5 Bc6 22. Qa6 Qc7 23. d5 Bb7 24. Qb5 a6 25. Qb4 Ne5 26. d6 Qc6 27. Nd4 Qd7 28. Qxb6 Rb8 29. c5 Bd5 30. Qc7 Rxb2 31. Nxf5 exf5 32. Rxd5 Nd3 33. Qxd7 Rxd7 34. Rf1 Rc2 35. Rxf5 Rxc5 36. Bxe4 Ne5 37. f4 gxf4 38. gxf4 Rxd6 39. fxe5 Rd2 40. Rf8+ Kg7 41. R1f7# 1-0

[Event "*** Titled Tuesday Blitz"]
[Site "Chess.com"]
[Date "2020.03.03"]
[Round "2"]
[White "chessdjw"]
[Black "VladDobrov"]
[Result "0-1"]
[WhiteElo "2634"]
[BlackElo "2947"]
[TimeControl "180+1"]
[EndTime "13:19:07 PST"]
[Termination "VladDobrov won by resignation"]

1. d4 Nf6 2. c4 e6 3. g3 c5 4.
Nf3 cxd4 5. Nxd4 Bb4+ 6. Bd2 Bc5 7. Nb3 Be7 8. Bg2 Nc6 9. O-O b6 10. Bf4 Ba6 11. N1d2 Rc8 12. Rc1 O-O 13. Re1 d6 14. e3 Nd7 15. Nd4 Bb7 16. Nxc6 Bxc6 17. Bxc6 Rxc6 18.
Qa4 Rc7 19. b4 g5 20. Nf3 gxf4 21. exf4 Qa8 22. Nd4 Rfc8 23. Qb3 d5 24. Qf3 Rxc4 25. Qg4+ Kf8 26. Rxc4 Rxc4 27. Nxe6+ fxe6 28. Qxe6 Qe8 29. Qxd5 Rxb4 30. Qf5+ Nf6 31. h4 Qc6 32. Qe5 Re4 33.
Rxe4 Qxe4 34. Qb8+ Ne8 35. Qxa7 Bc5 36. Kh2 Bxf2 37.
Qd7 Bc5 38. Qg4 Nf6 39. Qg5 Qe2+ 40. Kh3 Qf1+ 41. Kh2 Bg1+ 42. Kh1 Bf2+ 43. Kh2 Qg1+ 0-1

[Event "*** Titled Tuesday Blitz"]
[Site "Chess.com"]
[Date "2020.03.03"]
[Round "2"]
[White "ama18"]
[Black "ElGasanov"]
[Result "0-1"]
[WhiteElo "2515"]
[BlackElo "2717"]
[TimeControl "180+1"]
[EndTime "13:19:07 PST"]
[Termination "ElGasanov won by resignation"]

1. e4 c5 2. Nf3 Nc6 3. d4 cxd4 4.
Nxd4 Nf6 5. Nc3 g6 6. Be3 Bg7 7.
f3 O-O 8. Nb3 a5 9. Bb5 d5 10.
exd5 Nb4 11. Bc4 a4 12. Nc5 a3 13. bxa3 Nbxd5 14. Nxd5 Nxd5 15. Bxd5 Bxa1 16. Qxa1 Qxd5 17. Bh6 f6 18. Bxf8 Qxc5 19. Bh6 Bf5 20. Qb2 Rxa3 21. Bd2 Ra6 22. Kd1 Qf2 23. Qb3+ Be6 24. Qe3 Qxg2 25. Rg1 Qh3 26. Rg3 Qxh2 27. Rg1 Rd6 28. Kc1 Bf5 29.
Re1 e5 30. Re2 Qh1+ 31. Re1 Qh4 32. Qb3+ Be6 33. Qxb7 Qd4 34. Qb4 Qa1+ 35. Qb1 Qxb1+ 36. Kxb1 Rxd2 0-1

[Event "*** Titled Tuesday Blitz"]
[Site "Chess.com"]
[Date "2020.03.03"]
[Round "2"]
[White "tigra"]
[Black "Sergey85Rodchenkov"]
[Result "1-0"]
[WhiteElo "2773"]
[BlackElo "2557"]
[TimeControl "180+1"]
[EndTime "13:19:08 PST"]
[Termination "tigra won on time"]

1. e4 c5 2. Nf3 e6 3. d4 cxd4 4.
Nxd4 a6 5. c4 Qc7 6. Nc3 b6 7.
a3 Bb7 8. Be3 Nf6 9. Qc2 Nc6 10.
Be2 Ne5 11. f3 Rc8 12. Rc1 Ng6 13. O-O Bd6 14. h3 Bh2+ 15. Kh1 Nh5 16. Rfe1 Nh4 17. Bd3 Bf4 18. Qd2 g5 19. Nce2 Ng6 20. b4 Bxe3 21. Qxe3 Nhf4 22. c5 b5 23. Nf5 exf5 24. exf5+ Kf8 25.
fxg6 hxg6 26. Nxf4 gxf4 27. Qd4 Kg8 28. Re7 1-0

[Event "*** Titled Tuesday Blitz"]
[Site "Chess.com"]
[Date "2020.03.03"]
[Round "2"]
[White "norwaytoadog"]
[Black "chegueps"]
[Result "1-0"]
[WhiteElo "2277"]
[BlackElo "2471"]
[TimeControl "180+1"]
[EndTime "13:19:09 PST"]
[Termination "norwaytoadog won by checkmate"]

1. e4 c5 2. Nf3 e6 3. d4 cxd4 4. Nxd4 Nf6 5. Nc3 Nc6 6. a3 d5 7. exd5 Nxd5 8. Bb5 Bd7 9. Nxd5 exd5 10. O-O Be7 11.
Re1 O-O 12. Nxc6 bxc6 13. Bd3 Bf6 14. Qh5 g6 15. Qf3 Rb8 16. Rb1 Bg7 17. c4 dxc4 18. Bxc4 Bf5 19. Ra1 Bxb2 20. Bxb2 Rxb2 21. Rad1 Qa5 22.
g4 Bc8 23. Re7 Be6 24. Rxe6 fxe6 25. Bxe6+ Kg7 26. Rd7+ Kh6 27. Qxf8+ Kg5 28. f4+ Kh4 29. Qh6+ Qh5 30. gxh5 Rb1+ 31. Kf2 Rb2+ 32. Ke3 Rxh2 33.
hxg6+ Kg3 34. Qg5# 1-0

[Event "*** Titled Tuesday Blitz"]
[Site "Chess.com"]
[Date "2020.03.03"]
[Round "2"]
[White "AndreyNeves"]
[Black "Maikrosoft63"]
[Result "0-1"]
[WhiteElo "2206"]
[BlackElo "2577"]
[TimeControl "180+1"]
[EndTime "13:19:10 PST"]
[Termination "Maikrosoft63 won by checkmate"]

1. d4 Nf6 2. c4 e6 3. Nc3 Bb4 4. e3 Bxc3+ 5. bxc3 c5 6. Nf3 d6 7. Bd3 Nc6 8. O-O e5 9. d5 Ne7 10. e4 O-O 11. Nh4 h6 12. a4 Ng6 13. Nxg6 fxg6 14.
f4 Qe7 15. Qe2 Bd7 16. Bd2 Rae8 17. fxe5 dxe5 18. a5 Rb8 19. Rab1 Ne8 20. Rxf8+ Qxf8 21. Be3 Qd6 22. Qf2 b6 23. axb6 axb6 24. h3 Qc7 25. Qg3 g5 26. h4 gxh4 27. Qxh4 Qd6 28. Rf1 Qg6 29. Be2 Nf6 30. Bd3 Ra8 31. Rf3 Ra1+ 32. Kh2 Ng4+ 33. Kg3 Nxe3+ 34. Kh2 Qxg2# 0-1

[Event "*** Titled Tuesday Blitz"]
[Site "Chess.com"]
[Date "2020.03.03"]
[Round "2"]
[White "Rodalquilar"]
[Black "TheBigBadChessDad"]
[Result "1-0"]
[WhiteElo "2586"]
[BlackElo "2317"]
[TimeControl "180+1"]
[EndTime "13:19:14 PST"]
[Termination "Rodalquilar won on time"]

1. d4 d5 2. Bf4 c5 3. e3 cxd4 4. exd4 Nc6 5. Nf3 Bf5 6. Nbd2 e6 7. c3 Bd6 8. Bxd6 Qxd6 9. Be2 Nf6 10. O-O O-O 11.
Re1 h6 12. a4 Ne4 13. Nxe4 Bxe4 14. a5 a6 15. b4 Bxf3 16. Bxf3 Na7 17. Re3 Rac8 18.
Be2 Nb5 19. Bxb5 axb5 20. Qd2 Rc4 21. Rae1 Rfc8 22. Rg3 Kh8 23. h4 Qe7 24. h5 Qh4 25. Re5 R8c6 26. Rf3 Qe7 27. g3 Qc7 28. Ree3 Kg8 29.
Kg2 b6 30. axb6 Qxb6 31. g4 f6 32. Rg3 Qa6 33. f4 Qa4 34. g5 fxg5 35. fxg5 hxg5 36. Rxg5 Rxb4 37. Reg3 Rc7 38. h6 Rbc4 39. Rxg7+ Rxg7 40.
Rxg7+ Kh8 41. Qf2 Rc8 42. Rg3 1-0

[Event "*** Titled Tuesday Blitz"]
[Site "Chess.com"]
[Date "2020.03.03"]
[Round "2"]
[White "JoakimVonAnd"]
[Black "davigator"]
[Result "1-0"]
[WhiteElo "2522"]
[BlackElo "2290"]
[TimeControl "180+1"]
[EndTime "13:19:14 PST"]
[Termination "JoakimVonAnd won by resignation"]

1. d4 Nf6 2. c4 e6 3. Nc3 Bb4 4. e3 O-O 5. Bd3 c5 6. Nf3 Nc6 7. O-O Bxc3 8. bxc3 h6 9. e4 d6 10. Qe2 e5 11. d5 Ne7 12. Nh4 Ng6 13. Nxg6 fxg6 14.
h3 Kh7 15. f4 Bd7 16. g4 Qe7 17. Kh2 Rf7 18. f5 Raf8 19. Bd2 g5 20. Kg3 Ba4 21. Rab1 Qe8 22. Rh1 g6 23. h4 gxh4+ 24. Rxh4 Ng8 25. Rbh1 gxf5 26. Rxh6+ Nxh6 27. Rxh6+ Kg8 28. exf5 e4 29. Qh2 Qe5+ 30. Bf4 Qxc3 31. Rg6+ Rg7 32. Qh6 Qxd3+ 33. Kh4 Rf7 34. f6 Rxg6 35. Qxg6+ Kf8 36. Bh6+ Ke8 37. Qg8+ Kd7 38. Qxf7+ Kc8 39. Qe7 Qf3 40. f7 Qh1+ 41. Kg5 Qc1+ 42. Kg6 Qf1 43. f8=Q+ Qxf8 44. Qxf8+ Kc7 45. Bf4 1-0

[Event "*** Titled Tuesday Blitz"]
[Site "Chess.com"]
[Date "2020.03.03"]
[Round "2"]
[White "brutoman"]
[Black "filali-marouan"]
[Result "0-1"]
[WhiteElo "1946"]
[BlackElo "2380"]
[TimeControl "180+1"]
[EndTime "13:19:14 PST"]
[Termination "filali-marouan won on time"]

1. e4 c6 2. d4 d5 3. exd5 cxd5 4. c4 Nc6 5. Nf3 Nf6 6. Nc3 e6 7. cxd5 Nxd5 8. Bd3 Be7 9. O-O Bf6 10. Ne4 Be7 11.
a3 O-O 12. Be3 Nxe3 13. fxe3 Re8 14. Rc1 g6 15. Bb5 Qd5 16. Qd3 a5 17. Nc5 Rd8 18.
Bxc6 bxc6 19. Ne5 Bxc5 20. Rxc5 Qxc5 21. dxc5 Rxd3 22. Nxd3 Ba6 23. Rd1 Rb8 24. b4 axb4 25.
axb4 Bc4 26. Ne5 Bd5 27. Rd4 Ra8 28. e4 Ra1+ 0-1

[Event "*** Titled Tuesday Blitz"]
[Site "Chess.com"]
[Date "2020.03.03"]
[Round "2"]
[White "kasparicy"]
[Black "Astaneh"]
[Result "1-0"]
[WhiteElo "2350"]
[BlackElo "2592"]
[TimeControl "180+1"]
[EndTime "13:19:15 PST"]
[Termination "kasparicy won by checkmate"]

1. e4 c6 2. d4 d5 3. f3 e6 4.
Nc3 Bb4 5. Bd3 dxe4 6. fxe4 Qxd4 7. Nf3 Qc5 8. Bd2 Nf6 9. Qe2 e5 10. a3 Bxc3 11. Bxc3 Bg4 12. O-O-O Nbd7 13. h3 Bxf3 14.
gxf3 O-O-O 15. Bb4 Qb6 16. Kb1 Nh5 17. Qg2 g6 18.
Bc4 a5 19. Bd6 f6 20. Qg4 Qe3 21. Rd3 Qf4 22. Qe6 Qh6 23. Ba6 bxa6 24. Rb3 Qd2 25. Rb8# 1-0

[Event "*** Titled Tuesday Blitz"]
[Site "Chess.com"]
[Date "2020.03.03"]
[Round "2"]
[White "elohunter1999"]
[Black "secretsuperstar7"]
[Result "1-0"]
[WhiteElo "2441"]
[BlackElo "2188"]
[TimeControl "180+1"]
[EndTime "13:19:15 PST"]
[Termination "elohunter1999 won on time"]

1. e4 c5 2. Nf3 d6 3. d4 cxd4 4. Nxd4 Nf6 5. Nc3 Nc6 6. Bg5 e6 7. Qd2 a6 8. O-O-O Bd7 9. f4 b5 10. Bxf6 gxf6 11. Kb1 Qb6 12. Nce2 h5 13. h4 O-O-O 14.
Rh3 Kb7 15. Qe1 Bh6 16. Rf3 Na5 17. g3 Nc4 18. Bg2 Ka7 19. Rb3 e5 20. Nf5 Bxf5 21.
exf5 Ne3 22. Nc3 Nxg2 23. Qe4 Ne3 24. Nxb5+ axb5 25. Ra3+ Kb8 26. Qa8+ Kc7 27. Ra7+ Qxa7 28. Qxa7+ Kc6 29. Qxe3 d5 30. Qc3+ Kb6 31. fxe5 fxe5 32. Qxe5 Kc6 33. a3 Rhe8 34. Qf6+ Rd6 35. Qxf7 Rf8 36.
Qxh5 b4 37. axb4 Rb8 38. c3 Bg7 39. Qf7 d4 40. Qxg7 d3 41. Qe5 1-0

[Event "*** Titled Tuesday Blitz"]
[Site "Chess.com"]
[Date "2020.03.03"]
[Round "2"]
[White "MisiekZielony"]
[Black "VALPARAISO37"]
[Result "0-1"]
[WhiteElo "2080"]
[BlackElo "2412"]
[TimeControl "180+1"]
[EndTime "13:19:15 PST"]
[Termination "VALPARAISO37 won on time"]

1. c4 e6 2. Nf3 d5 3. g3 dxc4 4.
Qa4+ Nd7 5. Bg2 a6 6. Qxc4 b5 7. Qc6 Rb8 8. d3 Bb7 9. Qc2 c5 10. O-O Rc8 11. a4 Ngf6 12. axb5 axb5 13. Nc3 Qb6 14.
Qb3 Bc6 15. Nd2 b4 16. Nc4 Qc7 17. Ne4 Nxe4 18. dxe4 Be7 19. Bf4 e5 20. Be3 Nf6 21. f3 O-O 22. Rfc1 Bb5 23. Qc2 Rcd8 24. b3 Rd7 25.
Bh3 Rdd8 26. Rd1 Rd4 27. Bxd4 cxd4 28. Rac1 Qb8 29. Qd2 h6 30. Nb2 Qb6 31. Nc4 Qb8 32. Ra1 Bc5 33. Qd3 Ne8 34. Ra5 Nd6 35. Rda1 Bxc4 36.
bxc4 Qc7 37. Ra6 h5 0-1

[Event "*** Titled Tuesday Blitz"]
[Site "Chess.com"]
[Date "2020.03.03"]
[Round "2"]
[White "adricalderon8"]
[Black "CrushingKings"]
[Result "1-0"]
[WhiteElo "2430"]
[BlackElo "2155"]
[TimeControl "180+1"]
[EndTime "13:19:18 PST"]
[Termination "adricalderon8 won by resignation"]

1. e4 c6 2. d4 g6 3. Nc3 Bg7 4. h4 h5 5. f3 d5 6. Be3 Nf6 7. e5 Ng8 8. Qd2 Nh6 9. O-O-O b5 10. Nh3 Nf5 11. Ng5 f6 12. exf6 exf6 13. Nh3 Nxh4 14. Nf4 g5 15. Rxh4 gxh4 16. Bd3 Kd7 17. Ng6 Re8 18.
Bf4 Qb6 19. Qf2 Kd8 20. Qxh4 Be6 21. Qxh5 Nd7 22. Qh7 Rg8 23. Bf5 Bf7 24. Bd6 a5 25.
Re1 Qxd4 26. Bg3 Ra7 27. Ne7 Qc5 28. Nxg8 Qf8 29. Ne7 Ne5 30. Bxe5 Rxe7 31. Bg3 Be6 32. Kb1 Bg8 33. Qg6 Bf7 34. Qg4 b4 35. Na4 Rxe1+ 36.
Bxe1 Qe8 37. Qg3 Ke7 38. Qxg7 1-0

[Event "*** Titled Tuesday Blitz"]
[Site "Chess.com"]
[Date "2020.03.03"]
[Round "2"]
[White "kayrakamer"]
[Black "pedroholly22"]
[Result "1-0"]
[WhiteElo "2609"]
[BlackElo "2324"]
[TimeControl "180+1"]
[EndTime "13:19:21 PST"]
[Termination "kayrakamer won by checkmate"]

1. Nf3 Nf6 2. d4 e6 3. c4 c5 4. g3 cxd4 5. Nxd4 Nc6 6. Bg2 Be7 7. O-O O-O 8. Nc3 a6 9. b3 Qb6 10. Nc2 Rd8 11. Be3 Qc7 12. h3 Nb4 13. Na4 Nxc2 14.
Qxc2 Qe5 15. Nb6 Qb8 16. Nxa8 Qxa8 17. Bb6 Re8 18. Rad1 d6 19. Bc7 d5 20. Be5 dxc4 21.
Qxc4 Nd5 22. e4 b5 23. Qd4 Nf6 24. Bxf6 gxf6 25. e5 fxe5 26. Qg4+ Kf8 27. Bxa8 a5 28. Bc6 Rd8 29. Rxd8+ Bxd8 30. Rd1 Bb6 31. Qg5 b4 32.
Rd8+ Bxd8 33. Qxd8+ Kg7 34. Qxc8 Kf6 35. Be8 e4 36.
Qd7 Ke5 37. Qc7+ Kd4 38. Qc4+ Ke5 39. Bxf7 Kf6 40. Qxe6+ Kg7 41. Bh5 Kf8 42. Qf7# 1-0

[Event "*** Titled Tuesday Blitz"]
[Site "Chess.com"]
[Date "2020.03.03"]
[Round "2"]
[White "Entilza"]
[Black "Playgood28"]
[Result "1-0"]
[WhiteElo "2492"]
[BlackElo "2252"]
[TimeControl "180+1"]
[EndTime "13:19:22 PST"]
[Termination "Entilza won on time"]

1. d4 f5 2. c4 Nf6 3. Nc3 g6 4. Nf3 Bg7 5. g3 d6 6. Bg2 O-O 7. b4 Ne4 8. Nxe4 fxe4 9. Ng5 c5 10. e3 cxd4 11. exd4 Qb6 12. Nxe4 Qxb4+ 13. Qd2 Qxc4 14.
Bb2 Nc6 15. d5 Ne5 16. Bxe5 Bxe5 17. Rc1 Qa6 18. Bf1 Qa3 19. Bg2 Qa6 20. Bf1 Qa3 21.
Be2 Bf5 22. f3 Bxe4 23. fxe4 Qa4 24. Rc4 Qa3 25. Rf1 Rxf1+ 26. Kxf1 Rf8+ 27. Kg2 b5 28. Rc7 b4 29. Rxe7 Qa5 30. Qh6 Rf7 31. Rxf7 Kxf7 32. Qxh7+ Kf6 33. Qh8+ Kf7 34. Qh7+ Kf6 35. Bc4 Qc5 36.
Bb3 1-0

[Event "*** Titled Tuesday Blitz"]
[Site "Chess.com"]
[Date "2020.03.03"]
[Round "2"]
[White "RitvarsReimanis"]
[Black "GadimbayliA"]
[Result "0-1"]
[WhiteElo "2625"]
[BlackElo "2901"]
[TimeControl "180+1"]
[EndTime "13:19:23 PST"]
[Termination "GadimbayliA won by resignation"]

1. d4 d5 2. c4 e5 3. dxe5 d4 4. Bf4 Nc6 5. Nf3 Nge7 6. Nbd2 Ng6 7. e3 Bf5 8. exd4 Nxf4 9. Qa4 Qd7 10. O-O-O Nb4 11.
Qxd7+ Kxd7 12. Nb3 Nfd3+ 13. Bxd3 Nxd3+ 14. Rxd3 Bxd3 15. e6+ Kxe6 16. Re1+ Kf6 17. Ne5 Bf5 18. g4 Bb4 19.
Re3 Be6 20. d5 Bc8 21. g5+ Kxg5 22. Nxf7+ Kf6 23. Nxh8 Bf5 24. c5 b6 25. d6 cxd6 26. c6 Rxh8 27. Rf3 Rc8 28. Kd1 g6 29. Re3 Bc5 30. Nd4 Bxd4 0-1